 Dungeon Crawl Stone Soup version 0.29-a0-375-g5102b3be25 (webtiles) character file.

Game seed: 15977559099231442177

6 spaghetti the Bolt Thrower (level 1, 17/17 HPs)
             Began as a Gnoll Wanderer on May 3, 2022.
             Was a Follower of Wu Jian.
             Quit the game on level 1 of the Dungeon.
             The game lasted 00:00:57 (184 turns).

spaghetti the Bolt Thrower (Gnoll Wanderer)          Turns: 184, Time: 00:00:57

Health: 17/17      AC:  7    Str: 15    XL:     1   Next: 90%
Magic:  4/4        EV:  9    Int: 10    God:    Wu Jian [*.....]
Gold:   19         SH:  0    Dex:  8    Spells: 4/5 levels left

rFire   . . .      SeeInvis .   a - +2 hand crossbow {crossbow}
rCold   . . .      Faith    .   (no shield)
rNeg    . . .      Spirit   .   b - +0 scale mail
rPois   .          Reflect  .   (no helmet)
rElec   .          Harm     .   (no cloak)
rCorr   .          Rampage  .   (no gloves)
Will    .....                   (no boots)
Stlth   ..........              (no amulet)
HPRegen 0.05/turn               (no ring)
MPRegen 0.09/turn               (no ring)

@: no status effects
A: fangs 1, strong nose, distributed training
a: Renounce Religion


You were on level 1 of the Dungeon.
You worshipped Wu Jian.
Wu Jian was aware of your devotion.
You visited 1 branch of the dungeon, and saw 1 of its levels.

You collected 19 gold pieces.


Innate Abilities, Weirdness & Mutations

You have very sharp teeth.
Your uncanny sense of smell can sniff out nearby items.
Your experience applies equally to all skills.


   Skills:
 + Level 2.4 Fighting
 + Level 0.2 Short Blades
 + Level 0.2 Long Blades
 + Level 0.2 Axes
 + Level 0.2 Maces & Flails
 + Level 0.2 Polearms
 + Level 0.2 Staves
 + Level 0.2 Slings
 + Level 0.2 Bows
 + Level 6.4 Crossbows
 + Level 0.2 Throwing
 + Level 4.4 Armour
 + Level 0.2 Dodging
 + Level 0.2 Stealth
 + Level 0.2 Shields
 + Level 0.2 Unarmed Combat
 + Level 2.6 Spellcasting
 + Level 3.6 Conjurations
 + Level 0.1 Hexes
 + Level 0.1 Summonings
 + Level 0.1 Necromancy
 + Level 0.1 Translocations
 + Level 0.1 Transmutations
 + Level 0.1 Fire Magic
 + Level 0.1 Ice Magic
 + Level 0.1 Air Magic
 + Level 0.1 Earth Magic
 + Level 0.1 Poison Magic
 + Level 2.4 Invocations
 + Level 0.2 Evocations


You had 4 spell levels left.
You knew the following spells:

 Your Spells              Type           Power      Damage    Failure   Level
a - Shock                 Conj/Air       20%        1d4       43%         1

Your spell library contained the following spells:

 Spells                   Type           Power      Damage    Failure   Level
 Dazzling Flash           Conj/Hex       10%        N/A       82%         3
 Swiftness                Air            1%         N/A       96%         3
 Airstrike                Air            0%         N/A       100%        4

Inventory:

Hand Weapons
 a - a +2 hand crossbow (weapon) {crossbow}
Missiles
 d - 15 stones {throwing}
 f - 2 datura-tipped darts {throwing}
 g - 3 javelins {throwing}
Armour
 b - a +0 scale mail (worn)
Scrolls
 c - a scroll of fear
 e - a scroll of teleportation {unknown}

Dungeon Overview and Level Annotations

Branches:
Dungeon (1/15)

Altars:
Wu Jian

#+# ...... #.#
.....###.###
........#8...8# ..
........#..@..#..#
....#..#8...8#..#
#..#..###.###..#
#>.#...#.#....#
#.#...#'#....#
.#######.....8.8.#
.................#
#####....#######
#>.##.##


There were no monsters in sight!


Message History

You lost 1 mp, and now have 2/4 mp.
Aiming: Shock (safe; 45% risk of failure)
Press: ? - help, Q - select action, (/) - cycle Shift-Dir - straight line, f/p - giant cockroach
Aim: a giant cockroach (severely wounded, 64% to hit)
The zap hits the giant cockroach.
You kill the giant cockroach! 😕 MP[-1]
You lost 1 mp, and now have 1/4 mp.
Aiming: Shock (safe; 45% risk of failure)
Press: ? - help, Q - select action, (/) - cycle Shift-Dir - straight line, f - you That beam is likely to hit you.
Continue anyway? [Y]es or [N]o only, please.
That beam is likely to hit you.
Continue anyway? [Y]es or [N]o only, please.
That beam is likely to hit you.
Continue anyway? [Y]es or [N]o only, please.
That beam is likely to hit you.
Continue anyway? [Y]es or [N]o only, please.
That beam is likely to hit you.
Continue anyway?
Okay, then.
Unknown command.
Your magical contamination has completely faded away. 😕 MP[+1]
There is an open door here.
You see here a giant cockroach corpse.
You see here a rat corpse.
You open the door.
There is an open door here.
You open the door.
There is an open door here.
Key pressed, stopping explore.
You open the door.
A rat comes into view. 😎 HP[+1] MP[+2]
Your hp is fully restored (17).
Your mp is fully restored (4).
A rat is nearby!
You shoot a bolt. The bolt hits the rat.
You kill the rat!
No target in view!
There is an open door here.
e - a scroll labelled SIXZIO QAEWOK
There is an open door here.
You open the door.
There is an open door here.
As you open the door, it creaks loudly!
A giant cockroach comes into view.
A giant cockroach is nearby!
A giant cockroach is nearby!
You shoot a bolt. The bolt hits the giant cockroach.
You kill the giant cockroach!
There is an open door here.
You see here a giant cockroach corpse.
You open the door.
There is an open door here.
f - 2 datura-tipped darts {throwing} You now have 12 gold pieces.
Found a stone staircase leading down.
Found a stone staircase leading down.
You now have 19 gold pieces (gained 7).
You pick up a book of Air and begin reading...
You add the spells Swiftness and Airstrike to your library.
You open the door.
Found a faded altar of an unknown god.
There is a stone staircase leading down here.
g - 3 javelins {throwing} A goblin comes into view.
It is wielding a +0 club.
A goblin is nearby!
You shoot a bolt. The bolt closely misses the goblin.
The goblin barely misses you.
You shoot a bolt. The bolt hits the goblin!
You kill the goblin!
No target in view!
No target in view!
No target in view!
No target in view!
No target in view!
No target in view!
No target in view!
No target in view!
No target in view!
No target in view!
No target in view!
No target in view!
No target in view!
No target in view!
No target in view!
No target in view!
Search for what [? for help]? altar
There is an open door here.
There is a faded altar of an unknown god here.
You cannot tell which god this altar belongs to.
Convert to them anyway?
Wu Jian accepts your prayer! The Council welcomes you!
You can now perform damaging attacks by moving towards foes.
You can now lightly attack monsters by moving around them.
Unknown command.
Press < or > to pray at altars.
Unknown command.
Press < or > to pray at altars.
Are you sure you want to abandon this character and quit the game? (Confirm with "yes".)

Action                   || total
-------------------------++-------
 Fire: Hand crossbow     ||     8
 Cast: Shock             ||     1
Armor: Scale mail        ||     3
Dodge: Dodged            ||     3

Levels and vault maps discovered:
D:1:      dpeg_arrival_prison, layout_rooms,
          dreamdust_ecumenical_altar_angels_and_demons, minmay_three_crescents

Notes
Turn   | Place    | Note
-------+----------+-------------------------------------------
     0 | D:1      | spaghetti the Gnoll Wanderer began the quest for the Orb.
     0 | D:1      | spaghetti set off with the following items: a +2 hand
                  | crossbow {crossbow}, a +0 scale mail, a scroll of fear; and
                  | the following spell memorised: Shock; and the following
                  | spells available to memorise: Dazzling Flash
     0 | D:1      | Reached XP level 1. HP: 17/17 MP: 4/4
     0 | D:1      | magus.rc [v1.9.6]
   137 | D:1      | You pick up a book of Air and begin reading...
   137 | D:1      | You add the spells Swiftness and Airstrike to your library.
   140 | D:1      | Found a faded altar of an unknown god.
   183 | D:1      | Prayed at the altar of an unknown god.
   183 | D:1      | Became a worshipper of the Wu Jian Council
   183 | D:1      | Reached * piety under Wu Jian
   184 | D:1      | Quit the game

Vanquished Creatures
  2 giant cockroaches (D:1)
  A goblin (D:1)
  3 rats (D:1)
6 creatures vanquished.

Table legend:
 A = Non-vault XP
 B = Vault XP
 C = Vault XP percentage of total XP
 D = Non-vault monster count
 E = Vault monster count
 F = Vault count percentage of total count
                 A         B        C        D         E       F
            +---------+---------+-------+---------+---------+-------
      Total |       2 |       7 |  77.8 |       1 |       5 |  83.3
            +---------+---------+-------+---------+---------+-------
        D:1 |       2 |       7 |  77.8 |       1 |       5 |  83.3
            +---------+---------+-------+---------+---------+-------

Illustrated notes

Table legend:
 A = Kills in this place as a percentage of kills in entire the game.
 B = Kills by you in this place as a percentage of kills by you in the entire game.
 C = Kills by friends in this place as a percentage of kills by friends in the entire game.
 D = Other kills in this place as a percentage of other kills in the entire game.
 E = Experience gained in this place as a percentage of experience gained in the entire game.
 F = Experience gained in this place divided by the number of levels of this place that you have seen.
                   A       B       C       D       E      F
               +-------+-------+-------+-------+-------+----------------------
         Total | 100.0 | 100.0 |   N/A |   N/A | 100.0 |   9.0
       Dungeon | 100.0 | 100.0 |   N/A |   N/A | 100.0 |   9.0
               +-------+-------+-------+-------+-------+----------------------

Table legend: (Time is in decaauts)
 A = Elapsed time spent in this place.
 B = Non-inter-level travel time spent in this place.
 C = Inter-level travel time spent in this place.
 D = Time resting spent in this place.
 E = Time spent auto-exploring this place.
 F = Levels seen in this place.
 G = Mean time per level.
                   A        B        C        D        E       F      G
               +--------+--------+--------+--------+--------+-----+--------+
         Total |    187 |    168 |     19 |      0 |    141 |   1 |  187.0 |
       Dungeon |    187 |    168 |     19 |      0 |    141 |   1 |  187.0 |
               +--------+--------+--------+--------+--------+-----+--------+

Top non-repeatable levels by time:
     D:1: 187 daAuts
